 Dungeon Crawl Stone Soup version 0.31-a0-202-g547052bce9 (webtiles) character file.

Game seed: 323728534775249840

7 qw the Shooter (level 1, 0/12 HPs)
             Began as a Deep Elf Hunter on June 26, 2023.
             Slain by a ball python (2 damage)
             ... on level 1 of the Dungeon.
             The game lasted 00:00:05 (154 turns).

qw the Shooter (Deep Elf Hunter)                     Turns: 154, Time: 00:00:06

Health: 0/12       AC:  3    Str:  8    XL:     1   Next: 91%
Magic:  3/3        EV: 12    Int: 13    God:
Gold:   33         SH:  0    Dex: 18    Spells: 0/0 levels left

rFire   . . .        a - +0 shortbow
rCold   . . .        (shield currently unavailable)
rNeg    . . .        c - +0 leather armour
rPois   .            (no helmet)
rElec   .            (no cloak)
rCorr   .            (no gloves)
SInv    .            (no boots)
Will    .....        (no amulet)
Stlth   ++           (no ring)
HPRegen 0.22/turn    (no ring)
MPRegen 0.08/turn

%: no passive effects
@: no status effects
A: no striking features
a: no special abilities


You were on level 1 of the Dungeon.
You visited 1 branch of the dungeon, and saw 1 of its levels.

You collected 33 gold pieces.


   Skills:
 - Level 1.5 Fighting
 + Level 5.9 Ranged Weapons
 - Level 2.4 Dodging
 - Level 1.2 Stealth


You couldn't memorise any spells.
You didn't know any spells.
Your spell library was empty.

Inventory:

Hand Weapons
 a - a +0 shortbow (weapon)
Armour
 c - a +0 leather armour (worn)
 g - a +0 pair of gloves
Scrolls
 b - a scroll of butterflies
Potions
 d - a potion of mutation {unknown}
 e - 2 potions of heal wounds {unknown}
 f - a potion of enlightenment {unknown}

Dungeon Overview and Level Annotations

Branches:
Dungeon (1/15)

Altars:


Message History

The arrow hits the giant cockroach but does no damage.
The giant cockroach is heavily wounded.
You shoot an arrow. The arrow hits the giant cockroach.
You kill the giant cockroach!
The hobgoblin barely misses you.
A goblin comes into view. It is wielding a +0 dagger.
You shoot an arrow.
The arrow barely misses the frilled lizard. x2
The frilled lizard closely misses you. The hobgoblin closely misses you.
A quokka comes into view.
You shoot an arrow. The arrow hits the frilled lizard.
You kill the frilled lizard!
The hobgoblin hits you. x2
You shoot an arrow. The arrow hits the kobold.
The kobold is moderately wounded.
The kobold barely misses you. The hobgoblin closely misses you.
You shoot an arrow. The arrow hits the kobold.
You kill the kobold!
The hobgoblin hits you.
You shoot an arrow.
The arrow closely misses the frilled lizard.
The ball python hisses angrily.
The hobgoblin closely misses you. The frilled lizard bites you.
You shoot an arrow. The arrow hits the frilled lizard.
You kill the frilled lizard!
The hobgoblin hits you.
You shoot an arrow. The arrow hits the quokka.
The quokka is severely wounded.
The quokka barely misses you. The hobgoblin barely misses you.
The quokka misses you.
You shoot an arrow. The arrow barely misses the quokka.
The quokka barely misses you. The goblin closely misses you.
The hobgoblin barely misses you.
You shoot an arrow. The arrow closely misses the quokka.
The quokka barely misses you. The goblin barely misses you.
The hobgoblin hits you.
You shoot an arrow. The arrow hits the quokka!
You kill the quokka!
The goblin barely misses you. The hobgoblin hits you.
The ball python bites you.
You die...

. ....... .##
............. .. ...
............####.>.
..#
#.....##...........
#.### #...
............
#...###.# ...........
........## ..........
.####....####
#gS....... .#
####....####@g.......
## ####..............
#######........
##........ #.........
#.:....... #.........
#......... #.........


You could see a hobgoblin, a goblin and a ball python.

Vanquished Creatures
  A ball python (D:1)
  A giant cockroach (D:1)
  A quokka (D:1)
  2 frilled lizards (D:1)
  2 goblins (D:1)
  A kobold (D:1)
  A rat (D:1)
9 creatures vanquished.

Notes
Turn   | Place    | Note
-------+----------+-------------------------------------------
     0 | D:1      | qw the Deep Elf Hunter began the quest for the Orb.
     0 | D:1      | Reached XP level 1. HP: 12/12 MP: 3/3
     0 | D:1      | 0 ||| qw: Version: 0.3-a-22-g0ed2b0b
     0 | D:1      | 0 ||| qw: Game counter: 5942
     0 | D:1      | 0 ||| qw: Melee chars always use a shield: true
     0 | D:1      | 0 ||| qw: God list: Okawaru
     0 | D:1      | 0 ||| qw: Allow faded altars: false
     0 | D:1      | 0 ||| qw: Do Orc after clearing Dungeon:15 true
     0 | D:1      | 0 ||| qw: Do second Lair branch before Depths: true
     0 | D:1      | 0 ||| qw: Lair rune preference: random
     0 | D:1      | 0 ||| qw: Goals: Normal
     0 | D:1      | 0 ||| PLANNING D:1-11
   154 | D:1      | HP: 2/12 [hobgoblin (4)]
   154 | D:1      | Slain by a ball python

Levels and vault maps discovered:
D:1:      heliophobic_arrival_glass_houses, layout_rooms, chequers_garden,
          serial_bayou_pond_d

Action                     || total
---------------------------++-------
   Fire: Shortbow          ||    28
  Dodge: Dodged            ||    16

Table legend:
 A = Non-vault XP
 B = Vault XP
 C = Vault XP percentage of total XP
 D = Non-vault monster count
 E = Vault monster count
 F = Vault count percentage of total count
                 A         B        C        D         E       F
            +---------+---------+-------+---------+---------+-------
      Total |      13 |       0 |   0.0 |       9 |       0 |   0.0
            +---------+---------+-------+---------+---------+-------
        D:1 |      13 |       0 |   0.0 |       9 |       0 |   0.0
            +---------+---------+-------+---------+---------+-------
